 Dungeon Crawl Stone Soup version 0.29-a0-359-g541a27f54d (webtiles) character file.

Game seed: 13849609102629221781

708 Yina the Thaumaturge (level 7, 0/36 HPs)
             Began as a Deep Elf Conjurer on Apr 27, 2022.
             Was an Initiate of Sif Muna.
             Slain by a gnoll sergeant
             ... wielding a +0 trident
              (3 damage)
             ... on level 5 of the Dungeon.
             The game lasted 00:13:16 (4855 turns).

Yina the Thaumaturge (Deep Elf Conjurer)            Turns: 4855, Time: 00:13:16

Health: 0/36       AC:  4    Str:  4    XL:     7   Next: 40%
Magic:  14/22      EV: 11    Int: 25    God:    Sif Muna [......]
Gold:   239        SH:  0    Dex: 13    Spells: 16/26 levels left

rFire   . . .      SeeInvis .   q - staff of cold
rCold   + . .      Faith    .   (no shield)
rNeg    . . .      Spirit   .   p - +1 leather armour of Xowypej {Will+}
rPois   .          Reflect  .   (no helmet)
rElec   .          Harm     .   (no cloak)
rCorr   .          Rampage  .   (no gloves)
Will    +....                   (no boots)
Stlth   ++........              (no amulet)
HPRegen 0.12/turn               j - ring of wizardry
MPRegen 0.18/turn               (no ring)

@: no status effects
A: no striking features
a: Renounce Religion


You were on level 5 of the Dungeon.
You worshipped Sif Muna.
Sif Muna was noncommittal.
You visited 1 branch of the dungeon, and saw 5 of its levels.

You collected 239 gold pieces.

Inventory:

Armour
 a - a +0 robe
 p - the +1 leather armour of Xowypej (worn) {Will+}
   (You found it on level 3 of the Dungeon)

   Will:      It increases your willpower.
Magical Staves
 q - a staff of cold (weapon)
Jewellery
 j - a ring of wizardry (left hand)
Scrolls
 c - a scroll of teleportation
 e - 4 scrolls of noise
 f - a scroll of enchant weapon {unknown}
 i - a scroll of enchant armour {unknown}
 k - a scroll of magic mapping {unknown}
 m - a scroll of identify {unknown}
 n - a scroll of fear {unknown}
 r - a scroll of amnesia {unknown}
Potions
 b - a potion of magic
 d - a potion of brilliance {unknown}
 g - 2 potions of degeneration {unknown}
 h - 5 potions of curing {unknown}
 l - 2 potions of might {unknown}
 o - 2 potions of mutation {unknown}


   Skills:
 - Level 2.4 Dodging
 - Level 2.4 Stealth
 - Level 10.0 Spellcasting
 - Level 4.3 Conjurations
 + Level 3.4 Air Magic


You had 16 spell levels left.
You knew the following spells:

 Your Spells              Type           Power      Damage    Failure   Level
a - Magic Dart            Conj           100%       1d8       1%          1
b - Searing Ray           Conj           68%        2d6       1%          2
c - Swiftness             Air            29%        N/A       2%          3
d - Iskenderun's Mystic   Conj/Tloc      23%        2d6       14%         4

Your spell library contained the following spells:

 Spells                   Type           Power      Damage    Failure   Level
 Dazzling Flash           Conj/Hex       46%        N/A       4%          3
 Ensorcelled Hibernation  Hex/Ice        36%        N/A       5%          2
 Passwall                 Tmut/Erth      10%        N/A       5%          2
 Fulminant Prism          Conj/Hex       11%        3d9       14%         4


Dungeon Overview and Level Annotations

Branches:
Dungeon (5/15)
 Temple: D:4-7

Altars:
Qazlal
Sif Muna

Shops:
D:1 !


Message History

The searing ray hits the gnoll sergeant.
The gnoll sergeant is lightly wounded.
The searing ray hits the gnoll.
The gnoll is heavily wounded.
You finish channelling your searing ray.
The gnoll sergeant closely misses you.
Casting: Searing Ray (safe; 1% risk of failure)
Confirm with . or Enter, or press ? or * to list all spells.
Aiming: Searing Ray (safe; 1% risk of failure)
Press: ? - help, Shift-Dir - straight line The searing ray hits the gnoll sergeant!
The gnoll sergeant is heavily wounded.
The searing ray misses the gnoll. (Press . to maintain the ray.)
The gnoll shouts!
The gnoll sergeant hits you from afar with a +0 trident!
The searing ray hits the gnoll sergeant!
The gnoll sergeant is severely wounded.
The searing ray hits the gnoll.
The gnoll is heavily wounded.
The gnoll sergeant hits you from afar with a +0 trident!
The searing ray misses the gnoll sergeant.
The searing ray hits the gnoll.
The gnoll is almost dead.
The searing ray hits the gnoll.
The gnoll is moderately wounded.
The gnoll sergeant hits you from afar with a +0 trident!
The searing ray hits the gnoll sergeant.
The gnoll sergeant is severely wounded.
The searing ray hits the gnoll.
You kill the gnoll!
Sif Muna accepts your kill.
The searing ray hits the gnoll.
The gnoll is severely wounded.
You finish channelling your searing ray.
The gnoll sergeant hits you from afar with a +0 trident!
* * * LOW HITPOINT WARNING * * *
There is a stone staircase leading up here.
The gnoll sergeant hits you from afar with a +0 trident.
You die...

### #@# #.#
#g#
#########g#
#.....g...#
#.#########
#.# #g# #.#


You could see a gnoll sergeant and a gnoll.

Vanquished Creatures
  A black bear (D:3)
  An ogre (D:4)
  A phantom (D:4)
  2 orc priests
  2 hounds
  Natasha (twice) (D:3)
  4 orc wizards
  2 gnolls (D:5)
  5 adders
  An ufetubus (D:4)
  A worm (D:4)
  3 dart slugs
  13 orcs
  4 bats
  8 endoplasms
  6 giant cockroaches
  7 goblins
  8 hobgoblins
  7 jackals
  5 quokkas
  10 ball pythons
  3 frilled lizards
  7 kobolds
  6 rats
109 creatures vanquished.

Vanquished Creatures (others)
  2 fungi (D:2)
  2 plants (D:2)
4 creatures vanquished.

Grand Total: 113 creatures vanquished

Notes
Turn   | Place    | Note
-------+----------+-------------------------------------------
     0 | D:1      | Yina the Deep Elf Conjurer began the quest for the Orb.
     0 | D:1      | Reached XP level 1. HP: 10/10 MP: 6/6
    68 | D:1      | Found Puvvo's Distillery.
   175 | D:1      | Reached skill level 4 in Spellcasting
   175 | D:1      | Reached XP level 2. HP: 15/15 MP: 6/9
   717 | D:1      | Reached XP level 3. HP: 19/19 MP: 9/11
   775 | D:1      | Reached skill level 5 in Spellcasting
  1287 | D:2      | Learned a level 2 spell: Searing Ray
  1576 | D:2      | Reached XP level 4. HP: 24/24 MP: 11/13
  1813 | D:2      | Reached skill level 6 in Spellcasting
  2051 | D:2      | Found a faded altar of an unknown god.
  2301 | D:3      | Found a stormy altar of Qazlal.
  2488 | D:3      | Reached skill level 7 in Spellcasting
  2488 | D:3      | Reached XP level 5. HP: 28/28 MP: 10/16
  2914 | D:3      | Identified the +1 leather armour of Xowypej {Will+}
  3055 | D:3      | Noticed Natasha
  3056 | D:3      | Noticed a black bear
  3058 | D:3      | Killed Natasha
  3059 | D:3      | Reached skill level 8 in Spellcasting
  3095 | D:3      | Learned a level 3 spell: Swiftness
  3100 | D:3      | Learned a level 4 spell: Iskenderun's Mystic Blast
  3193 | D:3      | Noticed Natasha
  3197 | D:3      | Killed Natasha
  3373 | D:3      | Killed a black bear
  3374 | D:3      | Reached skill level 9 in Spellcasting
  3374 | D:3      | Reached XP level 6. HP: 27/32 MP: 11/20
  3873 | D:4      | Reached skill level 10 in Spellcasting
  3977 | D:4      | Reached skill level 1 in Air Magic
  3977 | D:4      | Reached XP level 7. HP: 36/36 MP: 17/22
  4237 | D:4      | Found a shimmering blue altar of Sif Muna.
  4247 | D:4      | Became a worshipper of Sif Muna the Loreminder
  4797 | D:5      | Entered Level 5 of the Dungeon
  4841 | D:5      | HP: 1/36 [gnoll sergeant/+0 trident (10)]
  4855 | D:5      | Slain by a gnoll sergeant

Illustrated notes

Levels and vault maps discovered:
D:1:      lightli_arrival_boilingwater, layout_basic, serial_shops,
          nicolae_diamond_shop, minmay_misc_feat_enclosed
D:2:      layout_loops_ring, shapermc_ecumenical_altar_mp_urbaneastern,
          lemuel_flame_loot_1
D:3:      layout_basic, grunt_qazlal_sundering, lemuel_another_geyser,
          uniq_natasha
D:4:      layout_cave_pools, kennysheep_orc_sif_temple,
          kennysheep_generic_room_4
D:5:      layout_basic, nzn_wu_jian_council_hall,
          minmay_temple_entry_glassed_door, kennysheep_generic_room_3

Skill      XL: |  1  2  3  4  5  6  7 |
---------------+----------------------+-----
Spellcasting   | 4 5 7 9 10 | 10.0
Air Magic      | 1 3 |  3.4
Dodging        | |  2.4
Stealth        | |  2.4
Conjurations   | |  4.3

Action                   |  1- 3 |  4- 6 |  7- 9 || total
-------------------------+-------+-------+-------++-------
 Cast: Magic Dart        |    76 |    77 |    23 ||   176
       Searing Ray       |       |     8 |    11 ||    19
Evoke: Wand              |       |     2 |       ||     2
  Use: Scroll            |       |     2 |       ||     2
Armor: Robe              |     1 |     2 |       ||     3
       Leather armour    |       |    10 |     8 ||    18
Dodge: Dodged            |     5 |    21 |     6 ||    32

Table legend: (Time is in decaauts)
 A = Elapsed time spent in this place.
 B = Non-inter-level travel time spent in this place.
 C = Inter-level travel time spent in this place.
 D = Time resting spent in this place.
 E = Time spent auto-exploring this place.
 F = Levels seen in this place.
 G = Mean time per level.
                   A        B        C        D        E       F      G
               +--------+--------+--------+--------+--------+-----+--------+
         Total |   4863 |   4662 |    201 |    935 |   3144 |   5 |  972.6 |
       Dungeon |   4863 |   4662 |    201 |    935 |   3144 |   5 |  972.6 |
               +--------+--------+--------+--------+--------+-----+--------+

Top non-repeatable levels by time:
     D:3: 1516 daAuts
     D:1: 1282 daAuts
     D:4: 1015 daAuts
     D:2: 991 daAuts
     D:5: 57 daAuts
